General information
- name: BNet
- type: Ladder team game (AT/RT)
- host: Battle.net
- saver: ZON_NET_MOBILE
map: Highperch
- players: 6
- length: 14:11
- speed: Fast
- version: 1.24 W3XP
- replay type: Public
» download(79 KB)
Players
team 1 (loser)

»
boygotwood (
green | 52 APM | 700 actions | 13:34)
3 Priestess of the Moon
1 Scout
2 Trueshot Aura
» actions
| Basic commands | 8 | |
| Build / train | 45 | |
| Enter build submenu | 13 | |
| Enter hero's abilities submenu | 3 | |
| Remove unit from queue | 1 | |
| Right click | 346 | |
| Select / deselect | 250 | |
| Use ability | 34 | |
700 total
» units
» upgrades
| Strength of the Wild | 3 | |
| Abolish Magic | 1 | |
4 total
» buildings
| Moon Well | 6 | |
| Altar of Elders | 1 | |
| Tree of Ages | 1 | |
| Ancient of Wonders | 1 | |
| Hunter's Hall | 1 | |
| Ancient of Lore | 3 | |
| Tree of Eternity | 1 | |
14 total
» build order
00:20 Moon Well
00:34 Altar of Elders
01:29 Tree of Ages
01:43 Ancient of Wonders
02:19 Hunter's Hall
02:43 Moon Well
04:04 Ancient of Lore
04:17 Ancient of Lore
04:49 Ancient of Lore
04:54 Moon Well
05:03 Moon Well
09:24 Tree of Eternity
10:06 Moon Well
11:10 Moon Well
» items
| Scroll of Town Portal | 2 | |
| Potion of Healing | 1 | |
3 total
cyrcou (
red | 54 APM | 758 actions | 14:05)
2 Blademaster
1 Wind Walk
1 Critical Strike
1 Shadow Hunter
1 Healing Wave
» actions
| Assign group hotkey | 8 | |
| Build / train | 37 | |
| Enter build submenu | 14 | |
| Enter hero's abilities submenu | 3 | |
| Give item / drop item | 2 | |
| Right click | 341 | |
| Select / deselect | 160 | |
| Select group hotkey | 149 | |
| Use ability | 44 | |
758 total
» units
| Peon | 7 | |
| Grunt | 4 | |
| Shaman | 4 | |
| Tauren | 5 | |
20 total
» upgrades
| Shaman Training | 2 | |
| Witch Doctor Training | 1 | |
| Melee Weapons | 1 | |
4 total
» buildings
| Altar of Storms | 1 | |
| Orc Burrow | 6 | |
| Voodoo Lounge | 1 | |
| Barracks | 1 | |
| War Mill | 1 | |
| Stronghold | 1 | |
| Fortress | 1 | |
| Spirit Lodge | 1 | |
| Tauren Totem | 2 | |
15 total
» build order
00:10 Altar of Storms
00:15 Orc Burrow
00:36 Voodoo Lounge
01:30 Barracks
01:51 Orc Burrow
02:36 War Mill
04:32 Stronghold
06:51 Orc Burrow
06:53 Orc Burrow
07:15 Fortress
07:20 Spirit Lodge
07:28 Orc Burrow
10:06 Tauren Totem
10:09 Tauren Totem
10:28 Orc Burrow
» items
| Healing Salve | 1 | |
| Lesser Clarity Potion | 3 | |
| Scroll of Speed | 1 | |
| Orb of Lightning | 1 | |
6 total
xX.KiLL2wIn.Xx (
yellow | 42 APM | 589 actions | 14:08)
3 Blademaster
2 Wind Walk
1 Critical Strike
» actions
| Assign group hotkey | 9 | |
| Build / train | 40 | |
| Enter build submenu | 14 | |
| Enter hero's abilities submenu | 3 | |
| Remove unit from queue | 2 | |
| Right click | 331 | |
| Select / deselect | 148 | |
| Select group hotkey | 14 | |
| Use ability | 28 | |
589 total
» units
| Peon | 9 | |
| Grunt | 5 | |
| Wind Rider | 6 | |
| Troll Batrider | 3 | |
| Raider | 1 | |
24 total
» upgrades
| Berserker Strength | 1 | |
| Armor | 2 | |
| Ranged Weapons | 2 | |
| Envenomed Spears | 1 | |
| Liquid Fire | 1 | |
7 total
» buildings
| Altar of Storms | 1 | |
| Orc Burrow | 5 | |
| Barracks | 1 | |
| Stronghold | 1 | |
| War Mill | 1 | |
| Voodoo Lounge | 1 | |
| Beastiary | 2 | |
| Watch Tower | 2 | |
| Fortress | 1 | |
15 total
» build order
00:11 Altar of Storms
00:24 Orc Burrow
00:54 Barracks
01:31 Orc Burrow
03:12 Stronghold
04:42 Orc Burrow
04:46 War Mill
04:51 Voodoo Lounge
04:59 Orc Burrow
05:55 Beastiary
05:59 Beastiary
06:04 Watch Tower
06:09 Watch Tower
09:42 Fortress
12:41 Orc Burrow
» items
team 2 (winner)

»
ZON_NET_MOBILE (
blue | 41 APM | 582 actions | 14:11)
3 Mountain King
2 Storm Bolt
1 Bash
3 Blood Mage
2 Banish
1 Siphon Mana
» actions
| Basic commands | 19 | |
| Build / train | 57 | |
| Enter build submenu | 16 | |
| Enter hero's abilities submenu | 6 | |
| Remove unit from queue | 1 | |
| Right click | 194 | |
| Select / deselect | 240 | |
| Use ability | 49 | |
582 total
» units
| Peasant | 11 | |
| Footman | 8 | |
| Rifleman | 5 | |
| Gryphon Rider | 3 | |
| Knight | 1 | |
28 total
» upgrades
| Defend | 0 | |
| Long Rifles | 1 | |
| Lumber Harvesting | 1 | |
| Storm Hammers | 1 | |
| Animal War Training | 1 | |
4 total
» buildings
| Altar of Kings | 1 | |
| Barracks | 1 | |
| Farm | 8 | |
| Scout Tower | 1 | |
| Arcane Tower | 1 | |
| Arcane Vault | 1 | |
| Keep | 6 | |
| Castle | 1 | |
| Lumber Mill | 1 | |
| Blacksmith | 1 | |
| Gryphon Aviary | 1 | |
23 total
» build order
00:09 Altar of Kings
00:12 Barracks
00:16 Farm
00:57 Farm
01:27 Scout Tower
01:55 Arcane Tower
02:02 Arcane Vault
02:27 Farm
03:16 Keep
03:17 Keep
03:17 Keep
05:00 Farm
05:39 Castle
05:43 Lumber Mill
06:08 Blacksmith
06:52 Gryphon Aviary
07:17 Farm
07:43 Farm
10:19 Farm
12:31 Farm
» items
| Lesser Clarity Potion | 1 | |
| Scroll of Regeneration | 1 | |
| Staff of Sanctuary | 1 | |
| Tiny Great Hall | 3 | |
| Scroll of Town Portal | 1 | |
7 total
DeBrouX (
orange | 43 APM | 609 actions | 14:09)
4 Blademaster
2 Wind Walk
2 Critical Strike
» actions
| Build / train | 49 | |
| Enter build submenu | 17 | |
| Enter hero's abilities submenu | 4 | |
| Give item / drop item | 1 | |
| Remove unit from queue | 3 | |
| Right click | 303 | |
| Select / deselect | 191 | |
| Use ability | 41 | |
609 total
» units
» upgrades
| Melee Weapons | 1 | |
| Shaman Training | 2 | |
| Spiked Barricades | 1 | |
| Pulverize | 1 | |
5 total
» buildings
| Altar of Storms | 1 | |
| Orc Burrow | 7 | |
| Voodoo Lounge | 1 | |
| Stronghold | 1 | |
| War Mill | 1 | |
| Fortress | 1 | |
| Spirit Lodge | 1 | |
| Tauren Totem | 5 | |
18 total
» build order
00:11 Altar of Storms
00:18 Orc Burrow
00:34 Voodoo Lounge
02:26 Stronghold
02:43 War Mill
03:03 Orc Burrow
04:54 Fortress
04:57 Spirit Lodge
05:09 Orc Burrow
05:14 Orc Burrow
06:21 Orc Burrow
06:58 Orc Burrow
07:17 Tauren Totem
07:20 Tauren Totem
08:22 Tauren Totem
08:33 Tauren Totem
10:26 Tauren Totem
11:15 Orc Burrow
» items
| Healing Salve | 2 | |
| Lesser Clarity Potion | 2 | |
| Potion of Healing | 2 | |
| Orb of Lightning | 1 | |
| Scroll of Speed | 1 | |
| Scroll of Town Portal | 1 | |
| Scroll of Protection | 1 | |
10 total
Iaggy-bnet (
pink | 96 APM | 1361 actions | 14:09)
4 Death Knight
2 Death Coil
2 Unholy Aura
3 Lich
2 Frost Nova
1 Frost Armor
» actions
| Assign group hotkey | 35 | |
| Basic commands | 1 | |
| Build / train | 52 | |
| Enter build submenu | 12 | |
| Enter hero's abilities submenu | 7 | |
| Give item / drop item | 4 | |
| Remove unit from queue | 2 | |
| Right click | 581 | |
| Select / deselect | 124 | |
| Select group hotkey | 487 | |
| Use ability | 56 | |
1361 total
» units
| Acolyte | 4 | |
| Ghoul | 5 | |
| Crypt Fiend | 9 | |
| Obsidian Statue | 2 | |
20 total
» upgrades
| Creature Carapace | 1 | |
| Burrow | 1 | |
| Web | 1 | |
| Destroyer Form | 1 | |
4 total
» buildings
| Graveyard | 1 | |
| Crypt | 1 | |
| Altar of Darkness | 1 | |
| Ziggurat | 5 | |
| Tomb of Relics | 1 | |
| Nerubian Tower | 1 | |
| Spirit Tower | 1 | |
| Halls of the Dead | 1 | |
| Black Citadel | 1 | |
| Slaughterhouse | 1 | |
| Necropolis | 1 | |
15 total
» build order
00:08 Graveyard
00:12 Crypt
00:43 Altar of Darkness
00:51 Ziggurat
01:20 Tomb of Relics
01:56 Ziggurat
02:28 Nerubian Tower
03:28 Spirit Tower
04:46 Halls of the Dead
05:54 Ziggurat
06:41 Ziggurat
07:23 Black Citadel
07:31 Slaughterhouse
10:28 Ziggurat
11:47 Necropolis
» items
| Rod of Necromancy | 3 | |
| Dust of Appearance | 1 | |
| Potion of Healing | 1 | |
| Scroll of Regeneration | 1 | |
| Lesser Clarity Potion | 2 | |
| Scroll of Town Portal | 1 | |
| Potion of Lesser Invulnerability | 1 | |
| Scroll of Protection | 1 | |
| Scroll of Healing | 1 | |
12 total
Chat log
(00:13 / Allies) DeBrouX: taurent shams
(00:24 / Allies) Iaggy-bnet: fiends first
(00:47 / Allies) Iaggy-bnet: ty
(01:33 / Allies) DeBrouX: share
(02:55 / Allies) DeBrouX: i go
(03:25 / Allies) DeBrouX: hero
(08:04 / Allies) DeBrouX: tp
(12:03 / Allies) DeBrouX: go?=
(12:40 / Allies) ZON_NET_MOBILE: i need to buy tp
(13:31 / All) boygotwood: gg yellow ur bad